 Dungeon Crawl Stone Soup version 0.30-a0-859-gf88a04b62d (webtiles) character file.

Game seed: 2440219158444556111

104 zenocrate the Insei (level 4, -5/42 HPs)
             Began as an Octopode Transmuter on Mar 7, 2023.
             Slain by an ogre
             ... wielding a +0 giant club
              (15 damage)
             ... on level 3 of the Dungeon.
             The game lasted 00:02:41 (1738 turns).

zenocrate the Insei (Octopode Transmuter)           Turns: 1738, Time: 00:02:42

Health: -5/42      AC: 22    Str:  9    XL:     4   Next: 80%
Magic:  3/7        EV:  2    Int: 17    God:
Gold:   37         SH:  0    Dex: 12    Spells: 0/7 levels left

rFire   . . .      SeeInvis .      - Unarmed
rCold   . . .      Faith    .    (no shield)
rNeg    . . .      Spirit   .    (helmet currently unavailable)
rPois   +          Reflect  .    (no amulet)
rElec   .          Rampage  .    e - ring of resist corrosion
rCorr   +          NoTele   +    (no ring)
Will    .....                    (no ring)
Stlth   ++                       (no ring)
HPRegen 0.27/turn                (no ring)
MPRegen 0.10/turn                (no ring)
                                 (no ring)
                                 (no ring)

@: tree-form, very slightly contaminated
A: stationary, stasis, torment immunity, boosted hp, almost no armour,
(amphibious), 8 rings, (camouflage 1), (gelatinous body 1), (nimble swimmer 1),
(tentacles)
a: no special abilities


You were on level 3 of the Dungeon.
You were a tree.
You visited 1 branch of the dungeon, and saw 3 of its levels.

You collected 37 gold pieces.

Inventory:

Missiles
 q - a throwing net
Jewellery
 e - a ring of resist corrosion (left branch)
Scrolls
 b - a scroll of brand weapon {unknown}
 f - a scroll of poison {unknown}
 g - a scroll of identify {unknown}
 h - 3 scrolls of vulnerability {unknown}
 i - a scroll of noise {unknown}
 j - 2 scrolls of enchant armour {unknown}
 l - a scroll of teleportation {unknown}
 n - a scroll of fog {unknown}
 o - a scroll of blinking {unknown}
 p - a scroll of enchant weapon {unknown}
Potions
 c - a potion of heal wounds {unknown}
 d - 2 potions of curing {unknown}
 k - a potion of cancellation {unknown}
 m - 2 potions of haste {unknown}
 r - a potion of invisibility {unknown}
 s - a potion of mutation {unknown}


   Skills:
 - Level 1.0 Fighting
 - Level 2.0 Dodging
 - Level 1.0 Stealth
 + Level 4.1 Unarmed Combat
 - Level 2.0 Spellcasting
 + Level 3.5 Transmutations
 + Level 0.9 Ice Magic


You couldn't memorise any spells.
You knew the following spells:

 Your Spells              Type           Power      Damage    Failure   Level
a - Beastly Appendage     Tmut           26%        N/A       4%          1
b - Wereblood             Tmut           13%        N/A       7%          2
c - Ice Form              Ice/Tmut       9%         N/A       61%         4

Your spell library contained the following spells:

 Spells                   Type           Power      Damage    Failure   Level
 Passwall                 Tmut/Erth      5%         N/A       14%         2
 Kiss of Death            Conj/Necr      4%         2d5       19%         1
 Ensorcelled Hibernation  Hex/Ice        6%         N/A       24%         2
 Spider Form              Tmut/Pois      7%         N/A       28%         3
 Confusing Touch          Hex            1%         N/A       50%         3
 Swiftness                Air            1%         N/A       50%         3
 Dispel Undead            Necr           1%         3d6       88%         4


Dungeon Overview and Level Annotations

Branches:
Dungeon (3/15)

Altars:
Zin
The Shining One


Innate Abilities, Weirdness & Mutations

You are a tree.
Your roots penetrate the ground, keeping you stationary.
You cannot be teleported.
You are immune to unholy pain and torment.
Your maximum health is greatly increased.
You cannot wear most types of armour.
((You are amphibious.))
You can wear up to eight rings at the same time.
((Your skin changes colour to match your surroundings (Stealth+).))
((Your rubbery body absorbs attacks. (AC +1, EV +1)))
((You are camouflaged when in or above water. (Stealth+)))
((You have tentacles for arms and can constrict up to eight enemies at once.))


Message History

No target in view!
You open the door. The ogre barely misses you.
There is an open door here.
You tentacle-slap the ogre.
The ogre is lightly wounded.
The ogre closely misses you.
Casting: Wereblood (safe; 7% risk of failure)
Confirm with . or Enter, or press ? or * to list all spells.
The spell is astonishingly dangerous to miscast (61% risk of failure)!
Continue anyway?
You miscast Ice Form.
You are very lightly contaminated with residual magic.
Your body is flooded with distortional energies.
Casting: Ice Form (astonishingly dangerous; 61% risk of failure)
Confirm with . or Enter, or press ? or * to list all spells.
You don't have enough magic to cast this spell.
An ogre is nearby!
Unknown command.
Okay, then.
Really quaff the potion of lignification?
You turn into a tree.
Your roots penetrate the ground.
The ogre hits you but does no damage.
You barely miss the ogre.
The ogre is lightly wounded.
You hit the ogre.
The ogre is lightly wounded.
The ogre hits you but does no damage.
You hit the ogre.
The ogre is lightly wounded.
The ogre hits you with a +0 giant club!
You hit the ogre.
The ogre is moderately wounded.
You hit the ogre but do no damage.
The ogre is moderately wounded.
The ogre hits you with a +0 giant club!!
* * * LOW HITPOINT WARNING * * *
You smack the ogre!
The ogre is heavily wounded.
The ogre hits you with a +0 giant club!
You die...

.......# #..
.gg....######..
...............
...............
...gO..........
######g........###
..g............'># #
.......[......$#O#.#
######....)....#♣#.#
.....#.........#...#
####.#.........#.### #
#.#.........#.# #
#.#.........#.# ###
#.###########.# #<#
#...........#.# #.#
####...........#'####.#
....................[.#


You could see an ogre.

Vanquished Creatures
  3 gnolls (D:3)
  4 adders
  2 dart slugs
  3 bats (D:1)
  4 endoplasms (D:1)
  A giant cockroach (D:1)
  3 hobgoblins
  6 jackals
  A quokka (D:1)
  5 ball pythons
  3 kobolds
  2 rats
37 creatures vanquished.

Notes
Turn   | Place    | Note
-------+----------+-------------------------------------------
     0 | D:1      | zenocrate the Octopode Transmuter began the quest for the
                  | Orb.
     0 | D:1      | Reached XP level 1. HP: 13/13 MP: 3/3
    98 | D:1      | You fall into a shaft and drop 1 floor!
   152 | D:1      | Reached skill level 1 in Stealth
   231 | D:1      | Reached XP level 2. HP: 17/18 MP: 3/5
   234 | D:1      | Learned a level 2 spell: Wereblood
   765 | D:2      | Reached XP level 3. HP: 18/23 MP: 6/6
   909 | D:2      | Found a glowing silver altar of Zin.
  1246 | D:3      | Found a glowing golden altar of the Shining One.
  1318 | D:3      | Reached XP level 4. HP: 28/28 MP: 7/7
  1323 | D:3      | Learned a level 4 spell: Ice Form
  1425 | D:3      | Noticed an ogre
  1427 | D:3      | Identified the +1 pair of boots of Iclaxto {Int+3 Slay+5}
  1460 | D:3      | Reached skill level 4 in Unarmed Combat
  1738 | D:3      | Slain by an ogre

Illustrated notes

Levels and vault maps discovered:
D:1:      psy_arrival_basics, layout_rooms, chequers_arboretum
D:2:      layout_rooms, basic_altar
D:3:      layout_basic, mainiacjoe_overflow_chevrons, serial_curves,
          eino_curves_03, eino_curves_02, skrybe_limestone_x

Skill      XL: |  1  2  3  4 |
---------------+-------------+-----
Stealth        | 1 |  1.0
Transmutations | 3 |  3.5
Unarmed Combat | 4 |  4.1
Fighting       | |  1.0
Dodging        | |  2.0
Spellcasting   | |  2.0
Ice Magic      | |  0.9

Action                     |  1- 3 |  4- 6 || total
---------------------------+-------+-------++-------
  Melee: Unarmed           |    63 |    21 ||    84
         Constrict         |    21 |     6 ||    27
         Kick              |    10 |     7 ||    17
         Tentacles         |    15 |     4 ||    19
         Punch             |     3 |       ||     3
   Cast: Beastly Appendage |    11 |     2 ||    13
         Wereblood         |     8 |     2 ||    10
    Use: Potion            |       |     1 ||     1
   Stab: Sleeping          |    10 |     1 ||    11
 Armour: Skin              |     3 |     2 ||     5
  Dodge: Dodged            |    42 |    13 ||    55

Table legend: (Time is in decaauts)
 A = Elapsed time spent in this place.
 B = Non-inter-level travel time spent in this place.
 C = Inter-level travel time spent in this place.
 D = Time resting spent in this place.
 E = Time spent auto-exploring this place.
 F = Levels seen in this place.
 G = Mean time per level.
                   A        B        C        D        E       F      G
               +--------+--------+--------+--------+--------+-----+--------+
         Total |   1731 |   1681 |     50 |      0 |   1365 |   3 |  577.0 |
       Dungeon |   1731 |   1681 |     50 |      0 |   1365 |   3 |  577.0 |
               +--------+--------+--------+--------+--------+-----+--------+

Top non-repeatable levels by time:
     D:1: 736 daAuts
     D:3: 565 daAuts
     D:2: 428 daAuts
